 Dungeon Crawl Stone Soup version 0.21-a0-434-g806c6c2 (webtiles) character file.

1047 HAL9000 the Grappler (level 8, -2/70 HPs)
             Began as a Troll Hunter on Nov 8, 2017.
             Slain by a two-headed ogre
             ... wielding a +0 great mace
              (20 damage)
             ... on level 5 of the Dungeon.
             The game lasted 00:08:09 (3435 turns).

HAL9000 the Grappler (Troll Hunter)                 Turns: 3435, Time: 00:08:10

Health: -2/70      AC:  7    Str: 22    XL:     8   Next: 5%
Magic:  7/7        EV: 10    Int:  7    God:
Gold:   170        SH:  0    Dex: 11    Spells: 7/7 levels left

rFire    . . .     SeeInvis .     - Unarmed
rCold    . . .     Gourm    +   (no shield)
rNeg     . . .     Faith    +   D - +2 robe {MR+}
rPois    .         Spirit   .   (helmet restricted)
rElec    .         Reflect  .   (no cloak)
rCorr    .         Harm     .   (gloves unavailable)
MR       +....                  (boots unavailable)
Stlth    +.........             g - amulet of faith
HPRegen  0.61/turn              (no ring)
MPRegen  0.10/turn              (no ring)

@: no status effects
A: unfitting armour, claws 3, fast metabolism 3, gourmand, regeneration 1,
shaggy fur 1, tough skin 2
a: no special abilities


You were on level 5 of the Dungeon.
You were not hungry.

You visited 1 branch of the dungeon, and saw 5 of its levels.

You collected 170 gold pieces.

Inventory:

Hand Weapons
 a - a +0 short sword
Missiles
 c - 4 large rocks (quivered)
 d - 2 throwing nets
 w - 5 tomahawks
Armour
 D - a +2 robe of magic resistance (worn)
Jewellery
 g - an amulet of faith (around neck)
Wands
 G - a wand of random effects (22/48)
Scrolls
 j - 2 scrolls of fear {unknown}
 l - a scroll of fog {unknown}
 m - 2 scrolls of teleportation {unknown}
 q - 3 scrolls of remove curse {unknown}
 r - 4 scrolls of identify {unknown}
 u - 3 scrolls of noise {unknown}
 y - a scroll of amnesia {unknown}
 F - a scroll of recharging {unknown}
Potions
 h - a potion of berserk rage {unknown}
 i - 3 potions of agility {unknown}
 k - a potion of degeneration {unknown}
 p - a potion of magic {unknown}
 s - 4 potions of lignification {unknown}
 v - a potion of curing {unknown}
 z - a potion of brilliance {unknown}
 A - a potion of cancellation {unknown}
 C - a potion of flight {unknown}
 E - a potion of invisibility {unknown}
Comestibles
 f - 5 bread rations
 o - 11 fruits
 B - a meat ration


   Skills:
 - Level 1.5 Fighting
 - Level 3.6 Throwing
 - Level 1.5 Dodging
 - Level 0.3 Stealth
 + Level 9.3 Unarmed Combat


You had 7 spell levels left.
You didn't know any spells.

Dungeon Overview and Level Annotations

Branches:
Dungeon (5/15)
 Temple: D:4-7

Altars:
Ru
The Shining One


Innate Abilities, Weirdness & Mutations

You are too large for most types of armour.
You have claws for hands.
Your metabolism is lightning-fast.
You like to eat raw meat.
Your natural rate of healing is unusually fast.
You are covered in fur. (AC +1)
You have very tough skin. (AC +2)


Message History

Aim: a two-headed ogre, wielding a great mace and a giant club You throw a large rock.
The large rock hits the two-headed ogre!
The two-headed ogre is moderately wounded.
You hear a shout!
The two-headed ogre hits you with a great mace!!
The two-headed ogre hits you with a giant club!
A centaur comes into view.
You scratch the two-headed ogre.
The two-headed ogre is moderately wounded.
You completely miss the two-headed ogre.
The two-headed ogre is moderately wounded.
The two-headed ogre hits you with a great mace.
The two-headed ogre hits you with a giant club.
You completely miss the two-headed ogre.
The two-headed ogre is moderately wounded.
The two-headed ogre hits you with a great mace!
* * * LOW HITPOINT WARNING * * *
The two-headed ogre hits you with a giant club!!
You die...

#.##....# #.####.#
#.......# #......#
######.## ##.##.## ####
#.# #......# ...####.###
###..### ##.##.....#
#......# ###
#.##.###...##.##.##....
#.##.# ................
.#.##.###.......@........
....).....#####.O.#####.#
....####### #.(.# ###.#
#.c.# #.# #...# #.# ....#
#.# #...# ... #...# ##.


You could see a two-headed ogre and a centaur.

Vanquished Creatures
  Pikel (D:4)
  2 ogres
  Blork the orc (D:5)
  A scorpion (D:4)
  A howler monkey (D:4)
  A hound (D:4)
  2 orc wizards
  Jessica (D:3)
  A bullfrog skeleton (D:5)
  A worker ant (D:4)
  7 adders
  3 worms
  5 dart slugs
  A leopard gecko (D:3)
  9 orcs
  2 giant cockroaches
  11 goblins
  11 hobgoblins
  10 jackals
  2 quokkas (D:4)
  2 ball pythons
  11 bats
  9 frilled lizards
  9 kobolds
  A leopard gecko skeleton (D:4)
  5 rats
110 creatures vanquished.

Vanquished Creatures (others)
  2 slaves (D:4)
  An orc priest (D:4)
  A bat (D:2)
  A hobgoblin (D:2)
5 creatures vanquished.

Grand Total: 115 creatures vanquished

Notes
Turn   | Place    | Note
-------+----------+-------------------------------------------
     0 | D:1      | HAL9000 the Troll Hunter began the quest for the Orb.
     0 | D:1      | Reached XP level 1. HP: 19/19 MP: 0/0
   154 | D:1      | Reached skill level 1 in Unarmed Combat
   321 | D:1      | Reached XP level 2. HP: 25/27 MP: 1/1
   415 | D:1      | Reached skill level 2 in Unarmed Combat
   693 | D:1      | Reached XP level 3. HP: 33/33 MP: 2/2
   856 | D:1      | Reached skill level 3 in Unarmed Combat
  1124 | D:2      | Reached XP level 4. HP: 27/41 MP: 3/3
  1347 | D:2      | Reached skill level 4 in Unarmed Combat
  1607 | D:3      | Reached XP level 5. HP: 48/48 MP: 4/4
  1802 | D:3      | Found a sacrificial altar of Ru.
  1826 | D:3      | Noticed Jessica
  1830 | D:3      | Killed Jessica
  1830 | D:3      | Reached skill level 5 in Unarmed Combat
  1908 | D:3      | Found a glowing golden altar of the Shining One.
  2255 | D:4      | Noticed Pikel
  2259 | D:4      | Noticed a slave
  2259 | D:4      | Noticed a slave
  2259 | D:4      | Noticed a slave
  2262 | D:4      | Noticed a slave
  2262 | D:4      | Killed Pikel
  2262 | D:4      | Reached skill level 7 in Unarmed Combat
  2262 | D:4      | Reached XP level 6. HP: 36/55 MP: 5/5
  2262 | D:4      | Reached XP level 7. HP: 41/62 MP: 6/6
  2566 | D:4      | Reached skill level 8 in Unarmed Combat
  3214 | D:5      | Entered Level 5 of the Dungeon
  3267 | D:5      | Reached skill level 9 in Unarmed Combat
  3382 | D:5      | Noticed Blork the orc
  3390 | D:5      | Killed Blork the orc
  3390 | D:5      | Reached XP level 8. HP: 49/70 MP: 7/7
  3429 | D:5      | Noticed a two-headed ogre
  3435 | D:5      | Slain by a two-headed ogre

Vault maps used:
D:1:      evilmike_arrival_crescent
D:3:      tso_oasis_becter, nicolae_ru_sacrificial_ziggurat, serial_curves,
          eino_curves_04, eino_curves_02, uniq_jessica
D:4:      uniq_pikel
D:5:      first_bread, minmay_misc_feat_alley, uniq_blork_the_orc

Skill      XL: |  1  2  3  4  5  6  7 |
---------------+----------------------+-----
Unarmed Combat | 1 2 3 4 7 9 |  9.3
Fighting       | |  1.5
Throwing       | |  3.6
Dodging        | |  1.5
Stealth        | |  0.3

Action                   |  1- 3 |  4- 6 |  7- 9 || total
-------------------------+-------+-------+-------++-------
Melee: Short sword       |   104 |       |       ||   104
       Unarmed           |    74 |   114 |    69 ||   257
       Punch             |     1 |     1 |     2 ||     4
Throw: Large rock        |       |     3 |     1 ||     4
 Stab: Sleeping          |     1 |     1 |       ||     2
  Eat: Chunk             |     9 |    14 |     8 ||    31
Armor: Robe              |    59 |    36 |     9 ||   104
       Skin              |       |       |     2 ||     2
Dodge: Dodged            |   125 |    75 |    26 ||   226

Table legend:
 A = Spawn XP
 B = Non-spawn XP
 C = Spawn XP percentage of total XP
 D = Spawn monster count
 E = Non-spawn monster count
 F = Spawn count percentage of total count
 G = Total turns spent on level
                    A         B        C        D         E        F      G
               +---------+---------+-------+---------+---------+-------+---------
         Total |       0 |    1496 |   0.0 |       0 |     110 |   0.0 |  3435
               +---------+---------+-------+---------+---------+-------+---------
           D:1 |       0 |      59 |   0.0 |       0 |      35 |   0.0 |   967
           D:2 |       0 |      67 |   0.0 |       0 |      19 |   0.0 |   438
           D:3 |       0 |     137 |   0.0 |       0 |      27 |   0.0 |   702
           D:4 |       0 |     980 |   0.0 |       0 |      26 |   0.0 |  1107
           D:5 |       0 |     253 |   0.0 |       0 |       3 |   0.0 |   221
               +---------+---------+-------+---------+---------+-------+---------
